 Dungeon Crawl Stone Soup version 0.24.0-125-gc4c63601f3 (webtiles) character file.

Game seed: 5787343378754218028, levelgen mode: deterministic

914 MajorAdolf the Covert (level 8, 37/80 HPs)
             Began as a Naga Wanderer on Mar 11, 2020.
             Quit the game on level 6 of the Dungeon.
             The game lasted 00:12:30 (7014 turns).

MajorAdolf the Covert (Naga Wanderer)               Turns: 7014, Time: 00:12:31

Health: 37/80      AC:  6    Str: 15    XL:     8   Next: 9%
Magic:  8/8        EV:  1    Int: 14    God:
Gold:   186        SH:  0    Dex: -9 (11) Spells: 6/7 levels left

rFire    . . .     SeeInvis +   o - +1 dagger (drain)
rCold    . . .     Gourm    .   (no shield)
rNeg     + . .     Faith    .   C - +2 robe {MR+}
rPois    +         Spirit   .   (no helmet)
rElec    .         Reflect  .   v - +0 cloak
rCorr    .         Harm     .   (no gloves)
MR       ++...                  (no barding)
Stlth    ..........             (no amulet)
HPRegen  0.23/turn              (no ring)
MPRegen  0.11/turn              q - ring of positive energy

@: slowed, lost dexterity, very slow
A: large, see invisible, deformed body, poison resistance, slowness 2, slow
metabolism 1, spit poison 1, AC +2
a: Spit Poison


You were on level 6 of the Dungeon.
You were not hungry.

You visited 1 branch of the dungeon, and saw 6 of its levels.
You also visited: Sewer.

You collected 186 gold pieces.

Inventory:

Hand Weapons
 o - a +1 dagger of draining (weapon)
Missiles
 b - 14 sling bullets
 h - 119 stones (quivered)
 s - 53 poisoned darts
Armour
 d - a +1 robe
 v - a +0 cloak (worn)
 C - a +2 robe of magic resistance (worn)
Jewellery
 q - a ring of positive energy (right hand)
 w - a +2 ring of evasion {unknown}
Wands
 c - a wand of random effects (1)
Scrolls
 e - a scroll of teleportation
 f - 4 scrolls of blinking {unknown}
 l - 3 scrolls of magic mapping
 r - 2 scrolls of remove curse
 x - 3 scrolls of enchant armour
 y - a scroll of amnesia {unknown}
 B - a scroll of identify
Potions
 a - a potion of berserk rage {unknown}
 i - a potion of lignification
 j - a potion of brilliance
 k - a potion of invisibility {unknown}
 m - a potion of agility {unknown}
 n - 2 potions of heal wounds {unknown}
 p - 3 potions of curing {unknown}
 t - 2 potions of degeneration {unknown}
 u - a potion of haste {unknown}
 A - a potion of might {unknown}
Comestibles
 g - 6 rations


   Skills:
 + Level 7.4 Fighting
 - Level 9.5 Stealth
 - Level 1.0 Unarmed Combat
   Level 3.0 Translocations
 - Level 1.0 Evocations


You had 6 spell levels left.
You knew the following spells:

 Your Spells              Type           Power        Failure   Level  Hunger
a - Corona                Hex            #......      28%         1    ##.....

Your spell library contained the following spells:

 Spells                   Type           Power        Failure   Level  Hunger
 Blink                    Tloc           N/A          13%         2    ###....
 Shroud of Golubria       Chrm/Tloc      #.....       24%         2    ###....
 Gell's Gravitas          Tloc           #.........   26%         3    ####...
 Lesser Beckoning         Tloc           #.........   26%         3    ####...
 Teleport Other           Tloc           #.......     26%         3    ####...
 Portal Projectile        Hex/Tloc       #.....       43%         3    ####...
 Passage of Golubria      Tloc           N/A          63%         4    #####..


Dungeon Overview and Level Annotations

Branches:
Dungeon (6/15)              Sewer (visited)
 Temple: D:4-7

Altars:
Fedhas
Okawaru

Shops:
D:5 :

Annotations:
D:2 exclusion: 2 gnolls


Innate Abilities, Weirdness & Mutations

You cannot wear boots.
Your serpentine skin is tough. (AC +2)
You have supernaturally acute eyesight. (SInv)
Armour fits poorly on your strangely shaped body.
Your system is resistant to poisons. (rPois)
You cover ground very slowly.
You have a slow metabolism.
You can spit poison.


Message History

The quasit barely misses you.
The quasit claws you but does no damage. x2
The quasit bites you.
The quasit claws you but does no damage. x2
You closely miss the quasit.
The quasit is severely wounded.
The quasit bites you but does no damage.
The quasit claws you but does no damage.
The quasit completely misses you. The quasit bites you. The quasit claws you.
You feel clumsy. The quasit completely misses you.
Are you sure you want to abandon this character and quit the game? (Confirm with "yes".)
Okay, then.
Unknown command.
Unknown command.
Welcome back, MajorAdolf the Naga Wanderer.
Press ? for a list of commands and other information.
Quiver which item? (- for none, * to show all) (? for menu, Esc to quit)
Okay, then.
Are you sure you want to abandon this character and quit the game? (Confirm with "yes".)

.. ### .
#.. . #.#
.####
#.#+#>....
#......#
#<.....#
##@....#
#..5.....#
####.....+
#.....#
#.....#
#######


You could see a quasit.

Vanquished Creatures
  2 ogres
  A centaur (D:5)
  A crocodile (Sewer)
  Blork the orc (D:5)
  2 howler monkeys
  A quasit (D:5)
  A centaur skeleton (D:5)
  Jessica (D:2)
  5 worker ants
  A hound skeleton (D:4)
  7 gnolls
  A river rat (D:3)
  4 adders (D:3)
  An adder zombie (D:5)
  2 adder skeletons
  3 worms (D:3)
  2 dart slugs (D:1)
  3 leopard geckos
  8 orcs
  A ball python (D:3)
  8 bats
  A giant cockroach (D:3)
  10 goblins
  9 hobgoblins
  4 jackals
  A quokka (D:5)
  4 frilled lizards
  8 kobolds
  7 rats
100 creatures vanquished.

Notes
Turn   | Place    | Note
-------+----------+-------------------------------------------
     0 | D:1      | MajorAdolf the Naga Wanderer began the quest for the Orb.
     0 | D:1      | MajorAdolf set off with the following items: a +0 club, a
                  | wand of random effects (15), a +0 robe, a +0 dagger, a
                  | ration; and the following spell memorised: Corona; and the
                  | following spells available to memorise: Blink, Shroud of
                  | Golubria, Gell's Gravitas, Lesser Beckoning, Teleport
                  | Other, Portal Projectile, Passage of Golubria
     0 | D:1      | Reached XP level 1. HP: 21/21 MP: 1/1
   332 | D:1      | Reached skill level 4 in Stealth
   332 | D:1      | Reached XP level 2. HP: 22/28 MP: 2/2
   738 | D:1      | Reached skill level 5 in Stealth
   933 | D:1      | Reached XP level 3. HP: 34/34 MP: 3/3
  1030 | D:2      | Found a faded altar of an unknown god.
  1539 | D:2      | Found a blossoming altar of Fedhas.
  1543 | D:2      | Noticed Jessica
  1560 | D:2      | Killed Jessica
  1560 | D:2      | Reached skill level 6 in Stealth
  1560 | D:2      | Reached XP level 4. HP: 21/42 MP: 4/4
  1919 | D:2      | Found an iron altar of Okawaru.
  2603 | D:2      | Reached skill level 7 in Stealth
  3047 | D:3      | Found a glowing drain.
  3052 | Sewer    | Entered a sewer
  3257 | Sewer    | Noticed a crocodile
  3268 | Sewer    | Killed a crocodile
  3268 | Sewer    | Reached skill level 8 in Stealth
  3268 | Sewer    | Reached XP level 5. HP: 49/49 MP: 5/5
  3458 | D:3      | Reached skill level 9 in Stealth
  3530 | D:3      | Reached XP level 6. HP: 56/56 MP: 6/6
  4900 | D:4      | Reached XP level 7. HP: 66/66 MP: 7/7
  5237 | D:4      | Reached skill level 5 in Fighting
  5606 | D:5      | Entered Level 5 of the Dungeon
  5881 | D:5      | Found Ovagepp's Book Emporium.
  6742 | D:5      | Noticed Blork the orc
  6760 | D:5      | Killed Blork the orc
  6760 | D:5      | Reached XP level 8. HP: 72/80 MP: 8/8
  6998 | D:6      | Lost dexterity.
  7014 | D:6      | Quit the game

Levels and vault maps discovered:
D:1:      matt_arrival_grand_opening, layout_loops_ring
D:2:      layout_basic, nicolae_overflow_crystal_walls,
          chequers_ecumenical_altar_twisty, kennysheep_okawaru_gauntlet,
          uniq_jessica
D:3:      layout_loops_corners, lightli_sewer_entry_pipes
D:4:      layout_loops_corners
D:5:      layout_loops_ring, serial_shops, nicolae_shop_behind_doors,
          first_ration, uniq_blork_the_orc
D:6:      layout_basic, minitemple, minmay_temple_entry_proselytizer,
          minmay_unpleasant_kobolds

Skill      XL: |  1  2  3  4  5  6  7 |
---------------+----------------------+-----
Stealth        | 4 5 6 8 9 |  9.5
Fighting       | 4 7 |  7.4
Unarmed Combat | |  1.0
Translocations | |  3.0
Evocations     | |  1.0

Action                   |  1- 3 |  4- 6 |  7- 9 || total
-------------------------+-------+-------+-------++-------
Melee: Dagger            |    51 |   112 |   161 ||   324
       Punch             |       |       |     2 ||     2
Throw: Stone             |     1 |       |       ||     1
 Abil: Spit Poison       |    35 |    34 |    14 ||    83
Evoke: Wand              |       |     9 |     5 ||    14
  Use: Scroll            |       |     8 |       ||     8
 Stab: Sleeping          |       |     6 |     3 ||     9
       Paralysed         |       |     1 |       ||     1
       Distracted        |       |       |     1 ||     1
  Eat: Chunk             |     1 |     9 |     7 ||    17
       Ration            |       |     1 |       ||     1
Armor: Robe              |     7 |    33 |   192 ||   232
Dodge: Dodged            |    36 |    57 |   135 ||   228
